 Dungeon Crawl Stone Soup version 0.28.0-53-g5a82cb258f (webtiles) character file.

Game seed: 11485724531029047923

12275 suse60 the Protected (level 11, -6/73 HPs)
             Began as a Gargoyle Fighter on Aug 15, 2022.
             Was a Priest of the Shining One.
             Mangled by a cane toad (16 damage)
             ... on level 1 of the Lair of Beasts on Aug 16, 2022.
             The game lasted 01:05:04 (11040 turns).

suse60 the Protected (Gargoyle Fighter)            Turns: 11040, Time: 01:05:04

Health: -6/73      AC: 27    Str: 21    XL:     11   Next: 90%
Magic:  11/11      EV: 12    Int: 10    God:    the Shining One [***...]
Gold:   542        SH:  6    Dex: 11    Spells: 10/10 levels left

rFire   + . .      SeeInvis .   o - +8 whip "Snakebite" {venom, curare, rPois}
rCold   . . .      Faith    .   c - +0 buckler
rNeg    + + .      Spirit   .   k - +1 scale mail {rF+}
rPois   ∞          Reflect  .   h - +1 hat
rElec   +          Harm     .   n - +1 cloak
rCorr   .          Rampage  .   (no gloves)
Will    .....      Clarity  +   b - +1 pair of boots
Stlth   ..........              q - amulet of the acrobat
HPRegen 0.22/turn               (no ring)
MPRegen 0.12/turn               s - +4 ring of protection

@: glowing, unable to read
A: sickness immunity, AC +8, negative energy resistance 1, electricity
resistance, torment resistance 1, petrification resistance, clarity, robust 1,
subdued magic 1, inability to read while threatened
a: Renounce Religion, Divine Shield, Cleansing Flame


You were on level 1 of the Lair of Beasts.
You worshipped the Shining One.
The Shining One was most pleased with you.
You visited 3 branches of the dungeon, and saw 13 of its levels.
You also visited: Bailey.

You collected 700 gold pieces.
You spent 158 gold pieces at shops.

Inventory:

Hand Weapons
 o - the +8 whip "Snakebite" (weapon) {venom, curare, rPois}
   (You acquired it in a bailey)

   It poisons the flesh of those it strikes.
   It occasionally inflicts asphyxiating poison on those it strikes, dealing
   poison damage and causing slowness.
   rPois:     It protects you from poison.
Armour
 b - a +1 pair of boots (worn)
 c - a +0 buckler (worn)
 h - a +1 hat (worn)
 k - a +1 scale mail of fire resistance (worn)
 n - a +1 cloak (worn)
Jewellery
 j - a ring of ice
 q - an amulet of the acrobat (around neck)
 s - a +4 ring of protection (right hand)
Wands
 f - a wand of paralysis (5)
 l - a wand of polymorph (3)
 m - a wand of acid (10)
 u - a wand of flame (15)
Scrolls
 e - 7 scrolls of fear
 g - 6 scrolls of teleportation
 w - a scroll of fog
 x - a scroll of enchant weapon
Potions
 a - a potion of invisibility
 d - 3 potions of might
 i - a potion of resistance
 p - 2 potions of ambrosia
 r - 2 potions of heal wounds
 t - a potion of flight
 v - a potion of cancellation {unknown}
 z - 4 potions of curing


   Skills:
 - Level 7.5 Fighting
 - Level 8.0 Maces & Flails
 - Level 10.7 Armour
 - Level 8.1 Dodging
 - Level 10.0 Shields
 + Level 0.5 Invocations


You had 10 spell levels left.
You didn't know any spells.
Your spell library contained the following spells:

 Spells                   Type           Power      Damage    Failure   Level
 Beastly Appendage        Tmut           0%         N/A       67%         1
 Magic Dart               Conj           0%         1d3       67%         1
 Pain                     Necr           0%         1d4       67%         1
 Blink                    Tloc           0%         N/A       82%         2
 Call Imp                 Summ           0%         N/A       82%         2
 Wereblood                Tmut           0%         N/A       82%         2
 Frozen Ramparts          Ice            0%         1d2       96%         3
 Ignite Poison            Fire/Tmut/Pois 0%         N/A       96%         3
 Mephitic Cloud           Conj/Pois/Air  0%         N/A       96%         3
 Spider Form              Tmut/Pois      0%         N/A       96%         3
 Summon Guardian Golem    Hex/Summ       0%         N/A       96%         3
 Tukima's Dance           Hex            0%         N/A       96%         3
 Ice Form                 Ice/Tmut       0%         N/A       100%        4
 Passage of Golubria      Tloc           0%         N/A       100%        4
 Summon Ice Beast         Ice/Summ       0%         N/A       100%        4
 Agony                    Necr           0%         N/A       100%        5
 Excruciating Wounds      Necr           0%         N/A       100%        5
 Freezing Cloud           Conj/Ice/Air   0%         6-21      100%        5
 Manifold Assault         Tloc           0%         N/A       100%        5
 Yara's Violent Unravell  Hex/Tmut       0%         3d3       100%        5
 Orb of Destruction       Conj           0%         9d5       100%        7
 Spellforged Servitor     Conj/Summ      0%         N/A       100%        7
 Storm Form               Tmut/Air       0%         N/A       100%        7


Dungeon Overview and Level Annotations

Branches:
Dungeon (11/15)            Temple (1/1) D:7            Lair (1/6) D:11
 Bailey (visited)
    Orc: D:9-12

Altars:
Ashenzari
Dithmenos
Elyvilon
Fedhas
Kikubaaqudgha
Nemelex Xobeh
Okawaru
Sif Muna
Trog
Wu Jian
The Shining One

Shops:
D:1 [   D:5 (   D:6 *

Annotations:
D:6 3 runed translucent doors, diceflayer's ghost, novice MiFi
D:9 2 transporters, diceflayer's ghost, novice MiFi


Innate Abilities, Weirdness & Mutations

You are immune to sickness and miasma.
Your stone body is resilient. (AC +8)
You are immune to poison.
You resist negative energy. (rN+)
You are resistant to electric shocks. (rElec)
You are resistant to unholy torment.
You are immune to petrification.
You possess an exceptional clarity of mind.
You are robust. (+10% HP)
Your spells are a little easier to cast, but a little less powerful.
You sometimes lose the ability to read scrolls when taking damage.


Message History

You whack the cane toad!
You kill the cane toad!
Your Shields skill increases to level 10!
You hit the bullfrog.
The bullfrog is poisoned.
The bullfrog looks as sick as possible!
The bullfrog convulses.
The bullfrog seems to slow down.
The bullfrog is severely wounded.
You whack the cane toad!
The cane toad is moderately wounded.
You block the cane toad's attack.
You hit the cane toad.
The cane toad is moderately wounded.
You feel a bit more experienced.
The cane toad stings you but does no damage.
You barely miss the cane toad.
The cane toad is moderately wounded.
The cane toad stings you!
* * * LOW HITPOINT WARNING * * *
You hit the cane toad.
The cane toad is poisoned.
The cane toad is heavily wounded.
The cane toad stings you but does no damage.
You barely miss the cane toad.
The cane toad is heavily wounded.
You whack the cane toad!
The cane toad is severely wounded.
The cane toad barely misses you.
You hit the cane toad but do no damage.
The cane toad looks as sick as possible!
The cane toad is severely wounded.
You block the cane toad's attack.
You hit the cane toad.
The cane toad is almost dead.
The cane toad stings you but does no damage.
You hit the cane toad but do no damage.
The cane toad is almost dead.
The cane toad stings you but does no damage.
You barely miss the cane toad.
The cane toad is almost dead.
The cane toad stings you!
You die...

+#.+ ..... ...
........#...##.#+####
........#...#.......#
....................+.
........#...#.........
........#.........(.# ##.
........#...#.......# ..
........#...........# ##.
.......@#...........#
#..##.######F...##.P.P.##.
#........................
#........................
##.†................|.....
#.........................
#................##.####+.
##......................
#.##†######............


You could see a cane toad (extremely poisoned).

Vanquished Creatures
  A boulder beetle (D:10)
  A hydra (Lair:1)
  A two-headed ogre (D:9)
  Joseph (D:8)
  A black mamba (Lair:1)
  A gargoyle (D:11)
  3 cane toads (Lair:1)
  A kobold demonologist (D:10)
  A troll (D:11)
  3 blink frogs (Lair:1)
  Sigmund (D:5)
  Eustachio (D:5)
  A wyvern (D:9)
  16 yaks
  3 vampire mosquitoes (D:11)
  2 steam dragons (D:7)
  4 water moccasins
  Duvessa (D:7)
  3 hornet zombies
  5 orc warriors
  2 black bears
  A necrophage (D:4)
  An ogre (D:6)
  7 centaurs
  2 phantoms
  A kobold brigand (D:11)
  3 bullfrogs
  A wyvern zombie (D:8)
  Dowan (D:7)
  5 killer bees (D:9)
  5 wights (D:9)
  5 howler monkeys
  A bullfrog zombie (D:5)
  2 hounds
  A bullfrog skeleton (D:5)
  3 centaur zombies (D:9)
  A centaur skeleton (D:7)
  A jelly (D:6)
  2 orc priests
  Jessica (D:2)
  3 iguanas
  Natasha (twice) (D:2)
  11 orc wizards
  5 gnolls
  A howler monkey skeleton (D:5)
  7 adders
  A white imp (D:7)
  An ufetubus (D:6)
  A worm (D:2)
  2 dart slugs
  41 orcs
  6 endoplasms
  A giant cockroach (D:3)
  13 goblins
  10 hobgoblins
  6 jackals
  2 quokkas (D:4)
  5 ball pythons
  7 bats
  A frilled lizard (D:1)
  26 kobolds
  7 rats
256 creatures vanquished.

Vanquished Creatures (others)
  A fungus (Lair:1)
  A plant (Lair:1)
2 creatures vanquished.

Grand Total: 258 creatures vanquished

Notes
Turn   | Place    | Note
-------+----------+-------------------------------------------
     0 | D:1      | suse60 the Gargoyle Fighter began the quest for the Orb.
     0 | D:1      | Reached XP level 1. HP: 14/14 MP: 1/1
    75 | D:1      | Reached XP level 2. HP: 20/20 MP: 2/2
   562 | D:1      | Found Kito's Armour Shoppe.
   696 | D:1      | Reached XP level 3. HP: 21/24 MP: 3/3
  1551 | D:2      | Reached skill level 5 in Fighting
  1564 | D:2      | Noticed Natasha
  1578 | D:2      | Killed Natasha
  1579 | D:2      | Reached XP level 4. HP: 31/31 MP: 4/4
  1620 | D:2      | Noticed Jessica
  1632 | D:2      | Killed Jessica
  1723 | D:2      | Noticed Natasha
  1733 | D:2      | Killed Natasha
  1734 | D:2      | Reached XP level 5. HP: 36/36 MP: 5/5
  2311 | D:3      | Noticed a sky beast
  2899 | D:3      | You fall into a shaft and drop 3 floors!
  2899 | D:6      | Noticed an ogre
  2903 | D:6      | Found a runed translucent gate.
  2904 | D:6      | Found a runed translucent gate.
  2913 | D:6      | Killed an ogre
  2914 | D:6      | Reached XP level 6. HP: 19/44 MP: 6/6
  3141 | D:6      | Found a runed translucent gate.
  3172 | D:6      | Noticed an ice beast
  3172 | D:6      | Noticed diceflayer's ghost (novice MiFi)
  3217 | D:6      | Found Sufiom's Assorted Antiques.
  3300 | D:5      | Entered Level 5 of the Dungeon
  3305 | D:5      | Noticed a water moccasin
  3390 | D:5      | Noticed Sigmund
  3616 | D:4      | Noticed a necrophage
  3628 | D:4      | Killed a necrophage
  3913 | D:4      | Reached XP level 7. HP: 48/48 MP: 7/7
  4283 | D:5      | Killed Sigmund
  4284 | D:5      | Reached skill level 5 in Maces & Flails
  4386 | D:5      | Noticed Eustachio
  4401 | D:5      | Killed Eustachio
  4402 | D:5      | Reached XP level 8. HP: 47/53 MP: 8/8
  4608 | D:5      | Found Ottuapt's Antique Weapon Boutique.
  4890 | D:6      | Bought a metallic ruby potion for 20 gold pieces
  4890 | D:6      | Bought a twisted pearl ring for 115 gold pieces
  4890 | D:6      | Bought a scroll labelled HIVANE POLL for 23 gold pieces
  5409 | D:7      | Noticed Duvessa
  5409 | D:7      | Noticed Dowan
  5412 | D:7      | Killed Duvessa
  5412 | D:7      | Killed Dowan
  5677 | D:7      | Reached XP level 9. HP: 57/57 MP: 9/9
  5813 | D:7      | Found a staircase to the Ecumenical Temple.
  5834 | Temple   | Entered the Ecumenical Temple
  5918 | Temple   | Became a worshipper of the Shining One
  6020 | D:7      | Reached skill level 5 in Dodging
  6893 | D:8      | Noticed Joseph
  6893 | D:8      | Noticed Maurice
  6920 | D:8      | Killed Joseph
  6921 | D:8      | Noticed Maurice
  6921 | D:8      | Maurice changed into Maurice the hound
  6926 | D:8      | Killed Maurice the hound
  7515 | D:9      | Reached * piety under the Shining One
  7525 | D:9      | Reached XP level 10. HP: 62/63 MP: 10/10
  7547 | D:9      | Reached skill level 5 in Armour
  7821 | D:9      | Noticed diceflayer's ghost (novice MiFi)
  7840 | D:9      | Found an ornate altar of the Wu Jian Council.
  7897 | D:9      | Reached ** piety under the Shining One
  8055 | D:9      | Found a transporter.
  8059 | D:9      | Found a transporter.
  8114 | D:9      | Noticed a two-headed ogre
  8170 | D:9      | Killed a two-headed ogre
  8174 | D:9      | Gained mutation: Your spells are a little easier to cast,
                  | but a little less powerful. [potion of mutation]
  8174 | D:9      | Gained mutation: You are robust. (+10% HP) [potion of
                  | mutation]
  8174 | D:9      | Gained mutation: You sometimes lose the ability to read
                  | scrolls when taking damage. [potion of mutation]
  8174 | D:9      | Gained mutation: You possess an exceptional clarity of
                  | mind. [potion of mutation]
  8291 | D:9      | Identified the +9 scimitar "Hellblazer" {antimagic, *Noise
                  | rCorr Str+6}
  8811 | D:10     | Entered Level 10 of the Dungeon
  8811 | D:10     | Noticed a boulder beetle
  8886 | D:10     | Found a flagged portal.
  8894 | Bailey   | Entered a bailey
  8899 | Bailey   | Noticed an orc warlord
  9037 | Bailey   | Found a runed translucent gate.
  9039 | Bailey   | Found a runed translucent gate.
  9041 | Bailey   | Found a runed translucent gate.
  9136 | Bailey   | Noticed a broodmother
  9136 | Bailey   | an orc warlord changed into a broodmother
  9138 | Bailey   | Noticed a wolf spider
  9155 | Bailey   | Acquired the +8 whip "Snakebite" {venom, curare, rPois}
  9155 | Bailey   | Found the +8 whip "Snakebite" {venom, curare, rPois}
  9296 | D:10     | Killed a boulder beetle
  9394 | D:10     | Noticed a kobold demonologist
  9403 | D:10     | Killed a kobold demonologist
  9404 | D:10     | Reached skill level 10 in Armour
  9404 | D:10     | Reached XP level 11. HP: 73/73 MP: 11/11
  9961 | D:11     | Found a staircase to the Lair.
 10159 | D:11     | Reached skill level 5 in Shields
 10614 | Lair:1   | Entered Level 1 of the Lair of Beasts
 10981 | Lair:1   | Noticed an eight-headed hydra
 10988 | Lair:1   | Reached *** piety under the Shining One
 11001 | Lair:1   | Killed an eight-headed hydra
 11030 | Lair:1   | Reached skill level 10 in Shields
 11040 | Lair:1   | Mangled by a cane toad

Illustrated notes

Levels and vault maps discovered:
D:1:      wander_arrival_peaceful_grave, layout_basic, serial_shops, shop
D:2:      layout_loops_ring, uniq_jessica, uniq_natasha
D:3:      layout_loops_corners, amcnicky_mini_corridor_feature, minmay_pentangle
D:4:      layout_loops_cross
D:5:      layout_rooms, serial_shops, shop, uniq_eustachio, uniq_sigmund
D:6:      layout_gridville, serial_shops, nicolae_shop_window_shopping,
          gammafunk_ghost_icy, grunt_decor_mini_mirrors
D:7:      layout_loops_ring, minmay_temple_entry_large_hall, uniq_duvessa
D:8:      layout_basic, uniq_joseph, uniq_maurice
D:9:      layout_loops_corners, nzn_wu_jian_contemplation,
          serial_co_window_serial, co_window_paths_a,
          co_window_of_opportunity_a, co_window_of_opportunity_a,
          co_window_paths_a, co_window_paths_b, co_window_corner_b,
          co_window_2corner, co_window_corner_cb, co_window_sun,
          co_window_4corner_b, glass_columns_a, glass_columns_a,
          glass_columns_c, glass_columns_b, glass_columns_a,
          gammafunk_ghost_hive
D:10:     layout_rooms, enter_bailey_2, nzn_sisyphean_effort
D:11:     layout_basic, lair_entry_dummy
Temple:   mainiacjoe_temple_archimedes_tessellation
Lair:1:   layout_regular_city

Skill      XL: |  1  2  3  4  5  6  7  8  9 10 11 |
---------------+----------------------------------+-----
Fighting       | 4 5 6 7 |  7.5
Maces & Flails | 3 6 8 |  8.0
Dodging        | 4 8 |  8.1
Armour         | 10 | 10.7
Shields        | 10 | 10.0
Invocations    | |  0.5

Action                   |  1- 3 |  4- 6 |  7- 9 | 10-12 || total
-------------------------+-------+-------+-------+-------++-------
Melee: Flail             |   124 |   136 |   296 |   168 ||   724
       Whip              |       |       |       |   232 ||   232
Evoke: Wand              |       |     4 |    17 |    11 ||    32
  Use: Scroll            |     1 |     7 |    11 |    15 ||    34
       Potion            |       |     1 |     2 |     4 ||     7
Armor: Scale mail        |    63 |    65 |   149 |   145 ||   422
Dodge: Dodged            |    54 |    50 |   163 |   166 ||   433
Block: Buckler           |    23 |    32 |    49 |    74 ||   178
